 Dungeon Crawl Stone Soup version 0.27-a0-531-gb72ec1a1b6 (webtiles) character file.

Game seed: 1994966378090181540

154 jasper the Purveyor of Pain (level 5, -4/35 HPs)
             Began as a Demonspawn Necromancer on Mar 5, 2021.
             Was an Initiate of Kikubaaqudgha.
             Killed by nerve-wracking pain
             ... invoked by Grinder
              (8 damage)
             ... on level 4 of the Dungeon.
             The game lasted 00:04:24 (3379 turns).

jasper the Purveyor of Pain (DsNe)                  Turns: 3379, Time: 00:04:25

Health: -4/35      AC: 10    Str:  8    XL:     5   Next: 13%
Magic:  8/8        EV: 13    Int: 17    God:    Kikubaaqudgha [......]
Gold:   157        SH:  5    Dex: 14    Spells: 3/8 levels left

rFire    + + .     SeeInvis .   s - +0 flail
rCold    . . .     Faith    .   (no shield)
rNeg     . . .     Spirit   .   k - +3 ring mail {rF+}
rPois    .         Reflect  +   (no helmet)
rElec    +         Harm     .   (no cloak)
rCorr    .         Rampage  .   h - +0 pair of gloves
Will     .....                  (no boots)
Stlth    +.........             w - amulet of reflection
HPRegen  0.11/turn              g - ring of protection from fire
MPRegen  0.11/turn              j - +4 ring of protection

@: no status effects
A: repulsion field 2, deformed body, electricity resistance, spiny 1, MP-powered
wands
a: Renounce Religion


You were on level 4 of the Dungeon.
You worshipped Kikubaaqudgha.
Kikubaaqudgha was noncommittal.
You visited 1 branch of the dungeon, and saw 4 of its levels.

You collected 157 gold pieces.

Inventory:

Hand Weapons
 i - a +0 spear
 n - a +3 dagger
 s - a +0 flail (weapon)
 u - a +0 war axe
 x - a +0 morningstar
Missiles
 c - 105 stones
 d - 3 boomerangs
Armour
 a - a +0 robe
 h - a +0 pair of gloves (worn)
 k - a +3 ring mail of fire resistance (worn)
Jewellery
 g - a ring of protection from fire (left hand)
 j - a +4 ring of protection (right hand)
 t - an amulet of faith
 w - an amulet of reflection (around neck)
Wands
 r - a wand of flame (14)
Scrolls
 b - 3 scrolls of magic mapping {unknown}
 e - 5 scrolls of identify {unknown}
 f - a scroll of amnesia {unknown}
 l - a scroll of blinking {unknown}
 m - 3 scrolls of noise {unknown}
 o - 2 scrolls of enchant armour {unknown}
 y - a scroll of teleportation {unknown}


   Skills:
 + Level 0.0 Fighting
 * Level 0.0 Axes
 + Level 0.0 Armour
 - Level 1.7 Dodging
 - Level 1.7 Stealth
 - Level 2.0 Spellcasting
 + Level 7.1 Necromancy


You had 3 spell levels left.
You knew the following spells:

 Your Spells              Type           Power      Damage    Failure   Level
a - Pain                  Necr           100%       1d9       3%          1
b - Animate Skeleton      Necr           52%        N/A       3%          1
c - Vampiric Draining     Necr           13%        2d7       10%         3

Your spell library contained the following spells:

 Spells                   Type           Power      Damage    Failure   Level
 Animate Dead             Necr           13%        N/A       32%         4
 Agony                    Necr           26%        N/A       65%         5


Dungeon Overview and Level Annotations

Branches:
Dungeon (4/15)
 Temple: D:4-7

Altars:
Ashenzari
Elyvilon
Kikubaaqudgha
Qazlal
Yredelemnul

Annotations:
D:4 Grinder


Innate Abilities, Weirdness & Mutations

You are surrounded by a moderate repulsion field. (EV +3)
You are partially covered in sharp spines.
Armour fits poorly on your strangely shaped body.
You are resistant to electric shocks. (rElec)
You expend magic power (3 MP) to strengthen your wands.


Message History

Found an ancient bone altar of Kikubaaqudgha.
There is an ancient bone altar of Kikubaaqudgha here.
You kneel at the altar of Kikubaaqudgha.
Kikubaaqudgha welcomes you!
Grinder comes into view.
Grinder shouts!
Aiming: Throw Flame
Press: ? - help, Shift-Dir - straight line, f - Grinder
Aim: Grinder (36% to evade)
The puff of flame hits Grinder.
Grinder is lightly wounded.
Grinder gestures at you.
You suddenly lose the ability to move!
Grinder gestures at you. Pain shoots through your body!
Grinder gestures at you. Pain shoots through your body!
You can move again.
You take 21 damage, and have 14/35 hp.
MASSIVE DAMAGE!!
Unknown command.
Unknown command.
Unknown command.
Unknown command.
Okay, then.
It was a potion of magic.
Magic courses through your body.
It was a potion of mutation.
You feel extremely strange.
You feel insulated.
Your body twists and deforms.
You feel your magical essence link to the dungeon's wands.
Grinder blinks!
It was a potion of cancellation.
You feel magically purged.
Grinder says, "Tell me all your secrets, or I'll kill you."
Grinder hits you!
* * * LOW HITPOINT WARNING * * *
You writhe in agony.
* * * LOW HITPOINT WARNING * * *
You take 11 damage, and have 4/35 hp.
MASSIVE DAMAGE!!
Grinder gestures at you. Pain shoots through your body!
You die...
Kikubaaqudgha rasps: "You have failed me!
Welcome... death!"

####.###..P......P...#
##.#.###...###.P..#.#
#.###.......#.P...#.#
##.#.###...P.)...##.#
##.## ##....P.P###.#
### ##..P..####.#
#..#.......#
#####.##########
#.....@..# #.###.##5#
#.......ยง...#
.....##.#####.#
.##...#.# # .......#
###...### ##.


You could see Grinder.

Vanquished Creatures
  An orc priest (D:3)
  Terence (D:2)
  An orc wizard (D:4)
  An adder (D:2)
  An ooze (D:1)
  3 worms
  A dart slug (D:1)
  2 leopard geckos (D:3)
  9 orcs
  2 giant cockroaches
  3 goblins
  2 hobgoblins
  4 kobolds
  2 quokkas
  A ball python (D:2)
  2 bats
  4 frilled lizards
  A quokka skeleton (D:4)
  2 rats
43 creatures vanquished.

Notes
Turn   | Place    | Note
-------+----------+-------------------------------------------
     0 | D:1      | jasper the Demonspawn Necromancer began the quest for the
                  | Orb.
     0 | D:1      | Reached XP level 1. HP: 13/13 MP: 3/3
   328 | D:1      | Gained mutation: You are surrounded by a mild repulsion
                  | field. (EV +2) [demonic ancestry]
   328 | D:1      | Reached XP level 2. HP: 8/19 MP: 0/5
   567 | D:1      | Reached skill level 5 in Necromancy
  1173 | D:2      | Learned a level 1 spell: Animate Skeleton
  1281 | D:2      | Noticed Terence
  1289 | D:2      | Killed Terence
  1290 | D:2      | Reached XP level 3. HP: 12/24 MP: 1/6
  1613 | D:2      | Reached skill level 6 in Necromancy
  1668 | D:2      | Noticed an air elemental
  1670 | D:2      | Found a stormy altar of Qazlal.
  1672 | D:2      | Noticed a fire elemental
  1672 | D:2      | Noticed a water elemental
  1672 | D:2      | Noticed an earth elemental
  2042 | D:3      | Gained mutation: You are partially covered in sharp spines.
                  | [demonic ancestry]
  2042 | D:3      | Reached XP level 4. HP: 24/30 MP: 0/7
  2525 | D:3      | Found a broken altar of Ashenzari.
  2528 | D:3      | Found a basalt altar of Yredelemnul.
  3141 | D:4      | Reached skill level 7 in Necromancy
  3141 | D:4      | Gained mutation: You are surrounded by a moderate repulsion
                  | field. (EV +3) [demonic ancestry]
  3141 | D:4      | Reached XP level 5. HP: 35/35 MP: 8/8
  3146 | D:4      | Learned a level 3 spell: Vampiric Draining
  3335 | D:4      | Found an ancient bone altar of Kikubaaqudgha.
  3343 | D:4      | Became a worshipper of Kikubaaqudgha
  3370 | D:4      | Noticed Grinder
  3371 | D:4      | Paralysed by Grinder for 4 turns
  3376 | D:4      | Gained mutation: You are resistant to electric shocks.
                  | (rElec) [potion of mutation]
  3376 | D:4      | Gained mutation: Armour fits poorly on your strangely
                  | shaped body. [potion of mutation]
  3376 | D:4      | Gained mutation: You expend magic power (3 MP) to
                  | strengthen your wands. [potion of mutation]
  3379 | D:4      | Killed from afar by Grinder

Illustrated notes

Levels and vault maps discovered:
D:1:      lemuel_arrival_hallway, layout_basic, minmay_misc_feat_columns,
          minmay_lizard_pond
D:2:      layout_basic, nicolae_qazlal_style_of_elements, dk_noncrumbling_4,
          minmay_misc_feat_more_columns, uniq_terence
D:3:      layout_loops_cross, elyvilon_altar_4, grunt_temple_overflow_open
D:4:      wad_crossroads, layout_loops_corners, kiku_gazebo_garden_becter,
          uniq_grinder

Skill      XL: |  1  2  3  4 |
---------------+-------------+-----
Necromancy     | 5 6 7 |  7.1
Dodging        | |  1.7
Stealth        | |  1.7
Spellcasting   | |  2.0

Action                   |  1- 3 |  4- 6 || total
-------------------------+-------+-------++-------
Melee: Unarmed           |     8 |       ||     8
       Dagger            |     7 |       ||     7
       Spear             |     7 |       ||     7
       Flail             |     5 |    26 ||    31
 Cast: Pain              |    48 |    19 ||    67
Evoke: Wand              |       |     1 ||     1
  Use: Potion            |       |     4 ||     4
Armor: Ring mail         |    11 |    22 ||    33
Dodge: Dodged            |    22 |    13 ||    35

Table legend: (Time is in decaauts)
 A = Elapsed time spent in this place.
 B = Non-inter-level travel time spent in this place.
 C = Inter-level travel time spent in this place.
 D = Time resting spent in this place.
 E = Time spent auto-exploring this place.
 F = Levels seen in this place.
 G = Mean time per level.
                   A        B        C        D        E       F      G
               +--------+--------+--------+--------+--------+-----+--------+
         Total |   3388 |   3288 |    100 |    279 |   2635 |   4 |  847.0 |
       Dungeon |   3388 |   3288 |    100 |    279 |   2635 |   4 |  847.0 |
               +--------+--------+--------+--------+--------+-----+--------+

Top non-repeatable levels by time:
     D:2: 1164 daAuts
     D:3: 1041 daAuts
     D:1: 866 daAuts
     D:4: 316 daAuts
